 Dungeon Sprint DCSS version 0.30-a0-219-gf2db51d15e (webtiles) character file.

Game seed: 8914530371929250224

43493 Zeld the Executioner (level 13, -24/146 HPs)
             Began as a Minotaur Berserker on Oct 7, 2022.
             Was the Champion of Trog.
             Killed from afar by a fire giant (25 damage)
             ... with a bolt of fire
             ... in the Dungeon (Sprint IX: "|||||||||||||||||||||||||||||").
             The game lasted 00:06:52 (5638 turns).

Zeld the Executioner (Minotaur Berserker)           Turns: 5638, Time: 00:06:52

Health: -24/146    AC: 30    Str: 25    XL:     13   Next: 91%
Magic:  4/4        EV: 15    Int:  4    God:    Trog [******]
Gold:   972        SH:  0    Dex: 12    Spells: 12/12 levels left

rFire   . . .      SeeInvis +    a - +5 executioner's axe (antimagic)
rCold   . . .      Faith    .    (shield currently unavailable)
rNeg    . . .      Spirit   .    E - +0 plate armour
rPois   .          Reflect  .    p - +2 hat
rElec   .          Harm     .    (no cloak)
rCorr   .          Rampage  .    k - +0 pair of gloves
Will    .....      NoTele   +    s - +0 pair of boots
Stlth   ..........               (no amulet)
HPRegen 0.44/turn                n - +4 ring of protection
MPRegen 0.09/turn                z - ring of see invisible

@: on berserk cooldown
A: horns 2, retaliatory headbutt
a: Renounce Religion, Berserk, Trog's Hand, Brothers in Arms


You were in the Dungeon.
You worshipped Trog.
Trog was exalted by your worship.
You visited 1 branch You collected 1906 gold pieces.
You spent 934 gold pieces at shops.

Inventory:

Hand Weapons
 a - a +5 antimagic executioner's axe (weapon)
 b - the +9 battleaxe of Rationality {vorpal, rPois SInv Stlth+}
   (Trog gifted it to you in the Dungeon)

   It inflicts extra damage upon your enemies.
   rPois:     It protects you from poison.
   SInv:      It lets you see invisible.
   Stlth:     It makes you more stealthy.
Missiles
 t - 2 throwing nets (quivered)
Armour
 k - a +0 pair of gloves (worn)
 p - a +2 hat (worn)
 s - a +0 pair of boots (worn)
 E - a +0 plate armour (worn)
Jewellery
 m - a +2 ring of protection
 n - a +4 ring of protection (left hand)
 y - a ring of fire
 z - a ring of see invisible (right hand)
 A - a ring of protection from cold
 B - a ring of fire
Wands
 j - a wand of iceblast (10)
Scrolls
 o - 9 scrolls of enchant armour
 q - 5 scrolls of butterflies
 r - 2 scrolls of fear
 v - 3 scrolls of poison
 x - a scroll of magic mapping
Potions
 c - 9 potions of curing
 d - 6 potions of heal wounds
 e - a potion of haste
 f - 5 potions of magic
 g - 3 potions of berserk rage
 i - 3 potions of invisibility
 l - a potion of cancellation
 u - a potion of resistance


   Skills:
 + Level 22.6 Fighting
 - Level 24.0 Axes
 + Level 22.4 Armour
 + Level 20.7 Dodging


You had 12 spell levels left.
You didn't know any spells.
Your spell library was empty.

Dungeon Overview and Level Annotations

Branches:
Dungeon (1/1)

Altars:
Cheibriados
Dithmenos
Elyvilon
Fedhas
Gozag
Hepliaklqana
Kikubaaqudgha
Makhleb
Nemelex Xobeh
Okawaru
Qazlal
Ru
Sif Muna
Trog
Uskayaw
Vehumet
Wu Jian
Xom
Yredelemnul
Zin
The Shining One
Jiyva
Lugonu

Shops:
D :*?*


Innate Abilities, Weirdness & Mutations

You have a pair of horns on your head.
You reflexively headbutt those who attack you in melee.


Message History

Your stone giant barely misses the fire giant.
Your stone giant hits the fire giant!!
Your stone giant hits the fire giant!!
The fire giant hits your stone giant with a +2 great sword of flaming!!
The fire giant burns your stone giant.
Your stone giant dies!
Your stone giant's corpse disappears in a puff of smoke!
The fire giant shouts!
The fire giant points at you and mumbles some strange words.
The bolt of fire hits you but does no damage.
The rakshasa blinks!
Your cyclops goes berserk!
You swap places.
Your cyclops closely misses the fire giant.
The fire giant hits your cyclops with a +2 great sword of flaming!
The fire giant burns your cyclops.
Your cyclops barely misses the fire giant.
The fire giant hits your cyclops with a +2 great sword of flaming!
The fire giant burns your cyclops.
Your cyclops hits the fire giant but does no damage.
The fire giant hits your cyclops with a +2 great sword of flaming!!!
The fire giant burns your cyclops!
Your cyclops dies!
Your cyclops's corpse disappears in a puff of smoke!
The fire giant points at you and mumbles some strange words.
The bolt of fire hits you!!
* * * LOW HITPOINT WARNING * * *
Your stone giant goes berserk!
You feel yourself speed up.
The fire giant gestures at you while chanting.
The bolt of fire misses you.
The bolt of fire hits your stone giant!!!
You swap places.
The fire giant gestures at you while chanting.
The bolt of fire hits your stone giant! The bolt of fire hits you!
* * * LOW HITPOINT WARNING * * *
The fire giant casts a spell at you.
The bolt of fire hits your stone giant!!
The bolt of fire hits you!!
You die...

.▓.▓.▓.▓.▓)▓.▓.▓.▓D▓,*,*,*,*,*,*,
.▓.▓.▓)▓.▓)▓.▓.▓.▓.▓,*,*,*,*,*,*,
.▓=▓.▓)▓.▓)▓)▓.▓.▓○▓,*,*,*,*,*,*,
.▓.▓.▓)▓.▓)▓.▓[▓.▓)▓,*,*,*,*,*,*,
.▓!▓.▓)▓.▓)▓.▓)▓.▓)▓,*,*,*,*,*,*,
.▓.▓.▓)▓.▓.▓.▓.▓.▓.▓,*,*,*,*,*,*,
.▓)▓.▓)▓.▓.▓[▓.▓)▓)▓,*,*,*,*,*,*,
.▓.▓.▓.▓.▓[▓.▓.▓.▓.▓,*+*,*,*,*,*,
.▓.▓.▓.▓.▓.▓.▓.▓@▓.▓,*,*,*,*,*,*,
.▓.▓.▓.▓.▓.▓.▓.▓.▓.▓,*,*,*,*,*+*,
.▓.▓.▓.▓.▓'▓.▓.▓.▓.▓,*,*,*,*,*,*,
.▓.▓.▓.▓.▓.▓.▓.▓.▓.▓,*,*,*,*,*,*,
.▓'▓.▓.▓.▓.▓.▓.▓.▓§▓,*,*,*+*,*,*,
.▓.▓.▓.▓.▓.▓.▓.▓C▓C▓,*,*,*,*,*,*,
.▓.▓.▓.▓.▓.▓[▓.▓C▓.▓,*,*,*,*,*,*,
.▓.▓.▓.▓.▓†▓.▓.▓R▓.▓,*,*,*,*,*,*,
.▓.▓.▓.▓.▓.▓.▓.▓.▓.▓,*,*,*,*,*,*,


You could see a fire giant (ally target), a rakshasa and a friendly stone giant
(summoned, berserk).

Vanquished Creatures
  Frances (D)
  Gastronok (D)
  Donald (D)
  2 eleionomae (D)
  4 stone giants (D)
  Nessos (D)
  A merfolk javelineer (D)
  Harold (D)
  An ice dragon (D)
  A hydra (D)
  A ghost crab (D)
  3 merfolk avatars (D)
  A boulder beetle (D)
  4 centaur warriors (D)
  2 alligators (D)
  A merfolk aquamancer (D)
  A tengu warrior (D)
  A vampire mage (D)
  An orc high priest (D)
  A spriggan berserker (D)
  2 naga sharpshooters (D)
  A shock serpent (D)
  3 pharaoh ants (D)
  3 sea snakes (D)
  A swamp dragon (D)
  A glowing orange brain (D)
  3 orc sorcerers (D)
  A wolf spider (D)
  A manticore (D)
  4 black mambas (D)
  A cyclops (D)
  5 cane toads (D)
  A komodo dragon (D)
  2 tengu conjurers (D)
  2 trolls (D)
  A polar bear (D)
  2 tyrant leeches (D)
  A slime creature (D)
  A tarantella (D)
  2 jumping spiders (D)
  A wyvern (D)
  A water elemental (D)
  A basilisk (D)
  A yak (D)
  A vampire mosquito (D)
  Grum (D)
  A steam dragon (D)
  A redback (D)
  2 nagas (D)
  2 wargs (D)
  2 hell hounds (D)
  4 water moccasins (D)
  9 orc warriors (D)
  An ice beast (D)
  6 wolves (D)
  A bullfrog (D)
  A scorpion (D)
  2 wights (D)
  A killer bee (D)
  A howler monkey (D)
  A jelly (D)
  A hound (D)
  2 orc priests (D)
  17 orc wizards (D)
  An adder simulacrum (D)
  7 orcs (D)
  A ball python (D)
  An endoplasm (D)
  A goblin (D)
  2 rats (D)
142 creatures vanquished.

Vanquished Creatures (collateral kills)
  A frost giant (D)
  A stone giant (D)
  A spark wasp (D)
  An ice dragon (D)
  A hydra (D)
  A boulder beetle (D)
  A naga ritualist (D)
  A necromancer (D)
  A komodo dragon (D)
  A wolf (D)
10 creatures vanquished.

Vanquished Creatures (others)
  An entropy weaver (D)
1 creature vanquished.

Grand Total: 153 creatures vanquished

Notes
Turn   | Place    | Note
-------+----------+-------------------------------------------
     0 | D        | Zeld the Minotaur Berserker began the quest for the Orb.
     0 | D        | Reached XP level 1. HP: 19/19 MP: 0/0
     5 | D        | Reached skill level 4 in Axes
     9 | D        | Reached ** piety under Trog
    29 | D        | Noticed a scorpion
    29 | D        | Noticed a jelly
    29 | D        | Noticed an ice beast
    29 | D        | Noticed a hound
    29 | D        | Noticed an orc wizard
    32 | D        | Killed an orc wizard
    32 | D        | Reached *** piety under Trog
    33 | D        | Reached skill level 5 in Axes
    33 | D        | Reached XP level 2. HP: 28/28 MP: 1/1
    33 | D        | Reached XP level 3. HP: 35/35 MP: 2/2
    35 | D        | Reached skill level 5 in Fighting
    35 | D        | Reached skill level 6 in Axes
    37 | D        | Killed an ice beast
    38 | D        | Reached skill level 8 in Axes
    38 | D        | Reached skill level 5 in Armour
    38 | D        | Reached skill level 5 in Dodging
    38 | D        | Reached XP level 4. HP: 31/45 MP: 3/3
    38 | D        | Reached XP level 5. HP: 35/51 MP: 4/4
    40 | D        | Reached skill level 9 in Axes
    42 | D        | Reached **** piety under Trog
   170 | D        | Found a snail-covered altar of Cheibriados.
   170 | D        | Found a shadowy altar of Dithmenos.
   170 | D        | Found a white marble altar of Elyvilon.
   170 | D        | Found a blossoming altar of Fedhas.
   170 | D        | Found an opulent altar of Gozag.
   271 | D        | Found a hazy altar of Hepliaklqana.
   272 | D        | Found a viscous altar of Jiyva.
   273 | D        | Found an ancient bone altar of Kikubaaqudgha.
   274 | D        | Found a corrupted altar of Lugonu.
   275 | D        | Found a burning altar of Makhleb.
   276 | D        | Found a sparkling altar of Nemelex Xobeh.
   277 | D        | Found an iron altar of Okawaru.
   278 | D        | Found a stormy altar of Qazlal.
   279 | D        | Found a sacrificial altar of Ru.
   280 | D        | Found a shimmering blue altar of Sif Muna.
   281 | D        | Found a bloodstained altar of Trog.
   282 | D        | Found a hide-covered altar of Uskayaw.
   283 | D        | Found a radiant altar of Vehumet.
   284 | D        | Found an ornate altar of the Wu Jian Council.
   285 | D        | Found a shimmering altar of Xom.
   286 | D        | Found a basalt altar of Yredelemnul.
   287 | D        | Found a glowing silver altar of Zin.
   288 | D        | Found a glowing golden altar of the Shining One.
   341 | D        | Noticed a wyvern
   341 | D        | Noticed a troll
   341 | D        | Noticed a steam dragon
   344 | D        | Killed a steam dragon
   345 | D        | Reached skill level 11 in Axes
   345 | D        | Reached XP level 6. HP: 61/61 MP: 5/5
   347 | D        | Killed a troll
   348 | D        | Reached skill level 12 in Axes
   348 | D        | Reached XP level 7. HP: 70/70 MP: 6/6
   358 | D        | Killed a wyvern
   359 | D        | Reached skill level 13 in Axes
   360 | D        | Reached ***** piety under Trog
   551 | D        | Noticed a centaur warrior
   551 | D        | Noticed a boulder beetle
   551 | D        | Noticed a cyclops
   551 | D        | Noticed a troll
   551 | D        | Noticed a centaur warrior
   560 | D        | Killed a centaur warrior
   561 | D        | Reached skill level 10 in Fighting
   561 | D        | Reached skill level 14 in Axes
   561 | D        | Reached skill level 10 in Armour
   561 | D        | Reached XP level 8. HP: 59/81 MP: 7/7
   565 | D        | Killed a troll
   566 | D        | Reached skill level 15 in Axes
   566 | D        | Reached skill level 10 in Dodging
   568 | D        | Killed a cyclops
   568 | D        | Received a gift from Trog
   569 | D        | Reached XP level 9. HP: 43/89 MP: 8/8
   573 | D        | Killed a centaur warrior
   574 | D        | Reached skill level 16 in Axes
  1098 | D        | Killed a boulder beetle
  1099 | D        | Reached skill level 17 in Axes
  1502 | D        | Noticed a komodo dragon
  1502 | D        | Noticed a cane toad
  1502 | D        | Noticed a cane toad
  1502 | D        | Noticed a boulder beetle
  1503 | D        | Noticed an eight-headed hydra
  1507 | D        | Killed a cane toad
  1512 | D        | Killed a cane toad
  1513 | D        | Reached XP level 10. HP: 101/101 MP: 9/9
  1523 | D        | Killed an 11-headed hydra
  1524 | D        | Reached skill level 18 in Axes
  1528 | D        | Killed a boulder beetle
  1723 | D        | Noticed a cane toad
  1723 | D        | Noticed a cane toad
  1723 | D        | Noticed a black mamba
  1727 | D        | Killed a black mamba
  1728 | D        | Reached skill level 19 in Axes
  1732 | D        | Received a gift from Trog
  1737 | D        | Noticed a cane toad
  1741 | D        | Killed a cane toad
  1744 | D        | Killed a cane toad
  1744 | D        | Reached ****** piety under Trog
  1755 | D        | Killed a cane toad
  2054 | D        | Received a gift from Trog
  2055 | D        | Reached skill level 20 in Axes
  2055 | D        | Reached XP level 11. HP: 111/111 MP: 10/10
  2076 | D        | Reached skill level 15 in Fighting
  2152 | D        | Noticed Harold
  2163 | D        | Killed Harold
  2163 | D        | Received a gift from Trog
  2244 | D        | Reached skill level 15 in Armour
  2261 | D        | Received a gift from Trog
  2321 | D        | Received a gift from Trog
  2338 | D        | Noticed an orc high priest
  2348 | D        | Received a gift from Trog
  2356 | D        | Killed an orc high priest
  2357 | D        | Reached skill level 21 in Axes
  2424 | D        | Found Lapluo Topu's General Store.
  2424 | D        | Noticed an orc sorcerer
  2424 | D        | Noticed an orc sorcerer
  2431 | D        | Paralysed by an orc sorcerer for 3 turns
  2437 | D        | Killed an orc sorcerer
  2437 | D        | Received a gift from Trog
  2442 | D        | Killed an orc sorcerer
  2448 | D        | Found Reficwuade's Magic Scroll Shop.
  2453 | D        | Received a gift from Trog
  2456 | D        | Found Wil Sohapnu's Assorted Antiques.
  2458 | D        | Noticed an orc sorcerer
  2461 | D        | Noticed a sun demon
  2469 | D        | Paralysed by an orc sorcerer for 3 turns
  2475 | D        | Killed an orc sorcerer
  2485 | D        | Received a gift from Trog
  2490 | D        | Found Xuwyedag's Book Shop.
  2532 | D        | Bought a scroll labelled TOUQUN GICLA for 16 gold pieces
  2532 | D        | Bought a scroll labelled TOUQUN GICLA for 16 gold pieces
  2532 | D        | Bought a potion of curing for 48 gold pieces
  2532 | D        | Bought a potion of invisibility for 128 gold pieces
  2534 | D        | Bought a scroll of butterflies for 52 gold pieces
  2534 | D        | Bought a scroll of enchant armour for 97 gold pieces
  2534 | D        | Bought a scroll of enchant weapon for 97 gold pieces
  2534 | D        | Bought a scroll of butterflies for 52 gold pieces
  2534 | D        | Bought a scroll of butterflies for 52 gold pieces
  2536 | D        | Bought a scroll of magic mapping for 90 gold pieces
  2536 | D        | Bought a scroll of magic mapping for 90 gold pieces
  2536 | D        | Bought a scroll of fear for 48 gold pieces
  2536 | D        | Bought a potion of magic for 96 gold pieces
  2570 | D        | Noticed Grum
  2577 | D        | Killed Grum
  2605 | D        | Bought a scroll of poison for 52 gold pieces
  2639 | D        | Noticed Gastronok
  2651 | D        | Killed Gastronok
  2651 | D        | Identified the +9 battleaxe of Rationality {vorpal, rPois
                  | SInv Stlth+} (Trog gifted it to you in the Dungeon)
  2651 | D        | Received a gift from Trog
  2652 | D        | Reached skill level 22 in Axes
  2786 | D        | Found the +5 scythe "Finisher" {speed, eviscerate}
  2789 | D        | Found the +8 storm bow {elec, penet}
  2851 | D        | Noticed a centaur warrior
  2856 | D        | Noticed a stone giant
  2856 | D        | Killed a centaur warrior
  2857 | D        | Reached skill level 15 in Dodging
  2861 | D        | Noticed a centaur warrior
  2866 | D        | Noticed an ice dragon
  2876 | D        | Killed a stone giant
  2878 | D        | Noticed a glowing orange brain
  2879 | D        | Noticed a stone giant
  2879 | D        | Received a gift from Trog
  2880 | D        | Reached XP level 12. HP: 93/124 MP: 11/11
  2886 | D        | Noticed a stone giant
  2887 | D        | Killed a centaur warrior
  2889 | D        | Noticed a stone giant
  2895 | D        | Killed an ice dragon
  2896 | D        | Reached skill level 23 in Axes
  2906 | D        | Killed a stone giant
  2963 | D        | Killed a stone giant
  2966 | D        | Killed a stone giant
  3408 | D        | Received a gift from Trog
  3798 | D        | Reached skill level 24 in Axes
  4269 | D        | Noticed an alligator
  4269 | D        | Noticed a ghost crab
  4269 | D        | Noticed an alligator
  4269 | D        | Noticed a four-headed hydra
  4273 | D        | Noticed an eleionoma
  4275 | D        | Killed an eight-headed hydra
  4282 | D        | Noticed an eleionoma
  4285 | D        | Killed an alligator
  4288 | D        | Killed a ghost crab
  4288 | D        | Received a gift from Trog
  4289 | D        | Killed an eleionoma
  4297 | D        | Killed an alligator
  4298 | D        | Reached XP level 13. HP: 138/138 MP: 4/12
  4301 | D        | Killed an eleionoma
  4367 | D        | Received a gift from Trog
  4562 | D        | Noticed a merfolk javelineer
  4573 | D        | Killed a merfolk javelineer
  4573 | D        | Received a gift from Trog
  4604 | D        | Identified the +4 broad axe "Zuimas" {vorpal, rPois Dex+3}
                  | (Trog gifted it to you in the Dungeon)
  4604 | D        | Received a gift from Trog
  4922 | D        | Noticed Nessos
  4940 | D        | Killed Nessos
  5056 | D        | Noticed Frances
  5069 | D        | Killed Frances
  5069 | D        | Received a gift from Trog
  5453 | D        | Noticed Donald
  5466 | D        | Killed Donald
  5567 | D        | Noticed a spark wasp
  5567 | D        | Noticed a stone giant
  5591 | D        | Noticed a frost giant
  5596 | D        | Killed a stone giant
  5598 | D        | Noticed a fire giant
  5600 | D        | Received a gift from Trog
  5610 | D        | Killed a spark wasp
  5615 | D        | Killed a frost giant
  5637 | D        | HP: 1/146 [fire giant/bolt of fire (17)]
  5638 | D        | Killed from afar by a fire giant

Illustrated notes

Levels and vault maps discovered:
D:        linesprint [early_d, line_temple, items_1, d_10, items_2, lair_1,
          lair_end, items_3, orc_1, orc_end, items_4, d_15, swamp_1, shoals_1,
          snake_1, spider_1, d_20, vaults_1, items_5, swamp_end, shoals_end,
          snake_end, spider_end, vaults_end, d_27, items_6, zot_1, zot_end,
          crypt_end, forest_end, elf_end, slime_end, tomb_end, abyss_end,
          pan_hell_end]

Skill      XL: |  1  2  3  4  5  6  7  8  9 10 11 12 13 |
---------------+----------------------------------------+-----
Axes           | 5 8 11 12 14 15 17 20 22 24 | 24.0
Fighting       | 4 6 8 9 10 11 13 14 16 19 22 | 22.6
Armour         | 4 5 7 8 10 11 12 14 16 19 22 | 22.4
Dodging        | 3 5 7 9 10 11 13 15 17 20 | 20.7

Action                   |  1- 3 |  4- 6 |  7- 9 | 10-12 | 13-15 || total
-------------------------+-------+-------+-------+-------+-------++-------
Melee: Hand axe          |    14 |     4 |       |       |       ||    18
       Headbutt          |     2 |     1 |    11 |    78 |    30 ||   122
       Punch             |     1 |       |     1 |       |       ||     2
       Broad axe         |       |     4 |    48 |    37 |       ||    89
       Executioner's axe |       |       |       |   218 |   132 ||   350
       Scythe            |       |       |       |    44 |       ||    44
Invok: Berserk           |     1 |     1 |     2 |     4 |     2 ||    10
       Brothers in Arms  |       |       |       |     4 |     4 ||     8
       Trog's Hand       |       |       |       |     1 |       ||     1
  Use: Scroll            |       |       |       |     6 |       ||     6
       Potion            |       |       |       |       |     4 ||     4
 Stab: Distracted        |       |       |       |     1 |       ||     1
Armor: Chain mail        |       |     3 |    22 |    53 |       ||    78
       Plate armour      |       |       |       |    99 |    42 ||   141
Dodge: Dodged            |     2 |     6 |    19 |   144 |    61 ||   232

Table legend: (Time is in decaauts)
 A = Elapsed time spent in this place.
 B = Non-inter-level travel time spent in this place.
 C = Inter-level travel time spent in this place.
 D = Time resting spent in this place.
 E = Time spent auto-exploring this place.
 F = Levels seen in this place.
 G = Mean time per level.
                   A        B        C        D        E       F      G
               +--------+--------+--------+--------+--------+-----+--------+
         Total |   5599 |   5573 |     26 |   2689 |   1808 |   1 | 5599.0 |
       Dungeon |   5599 |   5573 |     26 |   2689 |   1808 |   1 | 5599.0 |
               +--------+--------+--------+--------+--------+-----+--------+

Top non-repeatable levels by time:
       D: 5599 daAuts
